 Dungeon Crawl Stone Soup version 0.31-a0-1589-g8f5e8aebd6 (webtiles) character file.

Game seed: 9581854326651324429

2392 Ofeo the Sneak (level 9, 0/78 HPs)
             Began as a Yellow Draconian Brigand on Jan 6, 2024.
             Was a Believer of Uskayaw.
             Slain by an orc
             ... wielding a +0 club
              (2 damage)
             ... on level 7 of the Dungeon.
             The game lasted 00:11:17 (7970 turns).

Ofeo the Sneak (Yellow Draconian Brigand)           Turns: 7970, Time: 00:11:17

Health: 0/78       AC: 11    Str: 12 (15) XL:     9   Next: 22%
Magic:  18/18      EV: 14    Int:  9 (11) God:    Uskayaw [**....]
Gold:   876        SH:  0    Dex: 14 (16) Spells: 8/8 levels left

rFire   + . .        B - +8 short sword of Fuzzy Optimality {freeze, Fly rF+ rC++ Stlth-}
rCold   + + +        (no shield)
rNeg    . . .        (body armour unavailable)
rPois   .            (helmet restricted)
rElec   .            k - +0 cloak
rCorr   +            C - +2 pair of gloves
SInv    .            (no boots)
Will    .....        (no amulet)
Stlth   +            f - ring of magical power
HPRegen 0.33/turn    r - ring of protection from cold
MPRegen 0.16/turn

%: no passive effects
@: short of breath, flying, glowing
A: spit acid, AC +7, unfitting armour, cold-blooded, acid resistance
a: Breathe Acid, Renounce Religion, Stomp, Line Pass


You were on level 7 of the Dungeon.
You worshipped Uskayaw.
Uskayaw was noncommittal.
You visited 2 branches of the dungeon, and saw 8 of its levels.
You also visited: Bailey.

You collected 1020 gold pieces.
You spent 144 gold pieces at shops.

Inventory:

Hand Weapons
 a - the +11 quarterstaff of Javu {flame, rElec Str+5}
   (You found it on level 2 of the Dungeon)

   Str+5:     It affects your strength (+5).
   rElec:     It insulates you from electricity.
 h - a +0 rapier
 B - the +8 short sword of Fuzzy Optimality (weapon) {freeze, Fly rF+ rC++ Stlth-}
   (You found it on level 6 of the Dungeon)

   rF+:       It protects you from fire.
   rC++:      It greatly protects you from cold.
   Fly:       It grants you flight.
   Stlth-:    It makes you less stealthy.
Missiles
 c - 17 poisoned darts
 d - a curare-tipped dart
 l - 15 boomerangs (quivered)
Armour
 b - a +0 buckler
 k - a +0 cloak (worn)
 C - a +2 pair of gloves (worn)
Jewellery
 f - a ring of magical power (left hand)
 r - a ring of protection from cold (right hand)
Wands
 q - a wand of roots (9)
 s - a wand of digging (6) {@v1}
Scrolls
 g - 4 scrolls of fear
 i - 2 scrolls of identify {@r1}
 j - a scroll of fog
 n - 2 scrolls of teleportation {@r3}
 w - a scroll of blinking {@r4}
 y - a scroll of immolation
 A - a scroll of enchant armour
Potions
 e - 5 potions of enlightenment
 m - a potion of degeneration
 o - 3 potions of attraction
 p - 2 potions of haste {unknown}
 t - a potion of curing {unknown}
 u - 2 potions of magic {unknown}
 v - a potion of resistance {unknown}
 x - 2 potions of berserk rage {unknown}
 z - a potion of ambrosia {unknown}


   Skills:
 + Level 6.7 Fighting
 * Level 5.2 Short Blades
 + Level 5.4 Throwing
 + Level 5.0 Dodging
 + Level 6.7 Stealth


You had 8 spell levels left.
You didn't know any spells.
Your spell library contained the following spells:

 Spells                   Type           Power      Damage    Failure   Level
 Shock                    Conj/Air       0%         1d3       38%         1
 Call Imp                 Summ           0%         N/A       52%         2
 Sublimation of Blood     Necr           0%         N/A       52%         2
 Dazzling Flash           Conj/Hex       0%         N/A       77%         3
 Frozen Ramparts          Ice            0%         1d1       77%         3
 Swiftness                Air            0%         N/A       77%         3
 Volatile Blastmotes      Fire/Tloc      0%         2d10      77%         3
 Airstrike                Air            0%         2d(0-16)  99%         4
 Leda's Liquefaction      Alch/Erth      0%         N/A       99%         4
 Petrify                  Alch/Erth      0%         N/A       99%         4
 Metabolic Englaciation   Hex/Ice        0%         N/A       100%        5
 Starburst                Conj/Fire      0%         6d3       100%        6
 Summon Hydra             Summ           0%         N/A       100%        7
 Maxwell's Capacitive Co  Air            0%         ∞         100%        8


Dungeon Overview and Level Annotations

Branches:
Dungeon (7/15)             Temple (1/1) D:6          Bailey (visited)

Altars:
Ashenzari
Cheibriados
Dithmenos
Elyvilon
Fedhas
Hepliaklqana
Kikubaaqudgha
Makhleb
Nemelex Xobeh
Okawaru
Qazlal
Ru
Sif Muna
Trog
Uskayaw
Xom
Yredelemnul
The Shining One

Shops:
D:6 [

Annotations:
Temple 2 transporters


Innate Abilities, Weirdness & Mutations

You can spit globs of acid.
Your golden yellow scales are hard. (AC +7)
You cannot fit into any form of body armour.
You are cold-blooded and may be slowed by cold attacks.
You are resistant to acid. (rCorr)


Message History

You hit the gargoyle but do no damage.
You tail-slap the gargoyle, but do no damage.
The gargoyle is severely damaged.
The gargoyle hits you but does no damage.
You hit the gargoyle but do no damage. You tail-slap the gargoyle.
The gargoyle is severely damaged.
The gargoyle hurls a stone arrow at you.
The stone arrow hits you!!
You take 28 damage, and have 50/78 hp.
MASSIVE DAMAGE!!
Aiming: Fastroot
Press: ? - help, Shift-Dir - straight line, f/p - gargoyle
Aim: a gargoyle, wielding a +0 dire flail (heavily damaged)
The roots erupt in riotous growth!
Roots grab the gargoyle.
The grasping roots constrict the gargoyle, but do no damage.
You hear a shout!
You hear a loud, deep croak!
You hear a shout! x3
The gargoyle hits you with a +0 dire flail.
You take 3 damage, and have 47/78 hp.
You barely miss the gargoyle.
The gargoyle is heavily damaged.
The grasping roots constrict the gargoyle.
The roots release their grip on the gargoyle.
You hit the gargoyle but do no damage.
The gargoyle is severely damaged.
The gargoyle hits you with a +0 dire flail!
You take 14 damage, and have 33/78 hp.
You hit the gargoyle but do no damage.
You tail-slap the gargoyle, but do no damage.
The gargoyle is severely damaged.
The gargoyle hurls a stone arrow at you.
The stone arrow hits you!!
* * * LOW HITPOINT WARNING * * *
You take 22 damage, and have 11/78 hp.
MASSIVE DAMAGE!!
It was a potion of degeneration.
There was something very wrong with that liquid.
You feel weakened.
You feel dopey.
You feel clumsy.
The gargoyle hits you with a +0 dire flail!
* * * LOW HITPOINT WARNING * * *
The orc hits you with a +0 club.
You die...

..#....#.....#.######.# ##.......
..#.9..##.÷........##.# ###.####
..#c...####..#####.##.# #.####
...o..................# #.##..
.###..#####......#.#########.##.#
o.....# ##.......# #........#
..#.... ####...## #.#.#..... #
#...#. #.9.# #.#.##.### #...#
#.@.# #....#.# ....# #.o.#
#.#..#.# ###.. #
#...######.##.#.#
..#####.....<.........#
#...............###.#####
................# #.#....
#...............# #.#.###
#.#####.........# #.#.# .
#...#####.# #.#.#


You could see a gargoyle and an orc.

Vanquished Creatures
  The ghost of soberseth the Conjurer, an amateur DECj (D:3)
  A water moccasin (D:7)
  6 orc warriors (Bailey)
  2 black bears (D:7)
  An ice beast (D:6)
  2 ogres
  A centaur (D:6)
  A phantom (D:4)
  A necrophage (D:4)
  A scorpion (D:4)
  2 howler monkeys
  2 centaur zombies (D:4)
  A bombardier beetle (D:5)
  A human zombie (D:4)
  2 bullfrog zombies (D:4)
  3 hounds
  A jelly (D:6)
  A gnoll bouda (D:6)
  An iguana (D:4)
  3 scorpion zombies (D:4)
  3 hound zombies (D:4)
  4 hound skeletons (D:4)
  2 howler monkey zombies (D:4)
  A howler monkey skeleton (D:4)
  8 adders
  6 gnolls
  3 shadow imps
  2 ufetubi (D:6)
  An adder skeleton (D:4)
  3 adder zombies (D:4)
  A dart slug (D:4)
  A ribbon worm (D:2)
  11 orcs
  3 ball pythons
  8 bats
  4 endoplasms
  2 giant cockroaches
  7 goblins
  5 hobgoblins
  3 jackals (D:3)
  17 kobolds
  8 quokkas
  2 frilled lizards (D:1)
  A jackal zombie (D:4)
  3 rats
143 creatures vanquished.

Notes
Turn   | Place    | Note
-------+----------+-------------------------------------------
     0 | D:1      | Ofeo the Draconian Brigand began the quest for the Orb.
     0 | D:1      | Reached XP level 1. HP: 17/17 MP: 1/1
    48 | D:1      | Reached skill level 1 in Dodging
   132 | D:1      | Reached XP level 2. HP: 25/25 MP: 2/2
   655 | D:2      | Reached XP level 3. HP: 30/30 MP: 3/3
  1387 | D:2      | Identified the +11 quarterstaff of Javu {flame, rElec
                  | Str+5}
  1560 | D:2      | Found an ancient bone altar of Kikubaaqudgha.
  2611 | D:3      | Found a runed translucent door.
  2611 | D:3      | Noticed soberseth's ghost (amateur DECj)
  2617 | D:3      | Reached XP level 4. HP: 37/37 MP: 4/4
  3062 | D:3      | Killed soberseth's ghost
  3063 | D:3      | Reached XP level 5. HP: 39/45 MP: 5/5
  3215 | D:4      | Noticed a phantom
  3223 | D:4      | Killed a phantom
  3224 | D:4      | Reached XP level 6. HP: 52/52 MP: 6/6
  3322 | D:4      | Reached skill level 5 in Stealth
  3382 | D:4      | Your scales start taking on a golden yellow colour.
  3382 | D:4      | Reached XP level 7. HP: 48/60 MP: 7/7
  3382 | D:4      | Gained mutation: You are resistant to acid. (rCorr) [Yellow
                  | Draconian growth]
  3553 | D:4      | Found a basalt altar of Yredelemnul.
  4022 | D:4      | Found an ancient bone altar of Kikubaaqudgha.
  4139 | D:4      | Reached skill level 5 in Fighting
  4399 | D:5      | Entered Level 5 of the Dungeon
  4537 | D:5      | Found a white marble altar of Elyvilon.
  4607 | D:5      | Reached XP level 8. HP: 50/69 MP: 8/8
  5072 | D:6      | Identified the +8 short sword of Fuzzy Optimality {freeze,
                  | Fly rF+ rC++ Stlth-}
  5213 | D:6      | Found a staircase to the Ecumenical Temple.
  5235 | Temple   | Found a transporter.
  5235 | Temple   | Found a transporter.
  5235 | Temple   | Found a transporter.
  5235 | Temple   | Found a transporter.
  5235 | Temple   | Entered the Ecumenical Temple
  5573 | D:6      | Found Goelul's Antique Armour Boutique.
  5579 | D:6      | Bought a buckler for 144 gold pieces
  5634 | D:6      | Found a hide-covered altar of Uskayaw.
  5660 | D:6      | Found a sacrificial altar of Ru.
  5685 | D:6      | Became a worshipper of Uskayaw the Reveller
  5726 | D:6      | Reached * piety under Uskayaw
  5898 | D:6      | Found a sparkling altar of Nemelex Xobeh.
  6243 | D:7      | Found a flagged portal.
  6343 | Bailey   | Entered a bailey
  6369 | Bailey   | Reached ** piety under Uskayaw
  6399 | Bailey   | Reached *** piety under Uskayaw
  6581 | Bailey   | Reached skill level 5 in Throwing
  7037 | Bailey   | Reached XP level 9. HP: 44/78 MP: 9/9
  7044 | Bailey   | Reached **** piety under Uskayaw
  7356 | D:7      | Found a shimmering altar of Xom.
  7597 | D:7      | Reached skill level 5 in Short Blades
  7597 | D:7      | Reached skill level 5 in Dodging
  7654 | D:7      | Noticed a gargoyle
  7970 | D:7      | HP: 2/78 [gargoyle/+0 dire flail (10)]
  7970 | D:7      | Slain by an orc

Illustrated notes

Levels and vault maps discovered:
D:1:      nzn_arrival_water_spiral, layout_rooms, minmay_pentomino_t2
D:2:      layout_basic, basic_altar
D:3:      layout_basic, hellmonk_ghost_happy_afterlife
D:4:      layout_loops_ring, lemuel_mausoleum_altar_kikubaaqudgha,
          mainiacjoe_overflow_surrounded_room, serial_undead, serial_undead_a,
          serial_undead_b, serial_undead_d, serial_undead_a,
          dreamdust_wishing_well
D:5:      layout_basic, elyvilon_altar_1
D:6:      layout_loops_cross, general_overflow_altar, mainiacjoe_overflow_paths,
          nemelex_dance_club_becter, minmay_temple_entry_crystal_x,
          serial_shops, nicolae_shop_rolling_square
D:7:      hangedman_cross_stitches, layout_loops_cross,
          mainiacjoe_overflow_chevrons, enter_ossuary_5, enter_bailey_2
Temple:   hellmonk_temple_divided_pantheon

Skill      XL: |  1  2  3  4  5  6  7  8  9 |
---------------+----------------------------+-----
Dodging        | 1 2 3 4 5 |  5.0
Throwing       | 2 3 4 5 |  5.4
Stealth        | 4 5 6 |  6.7
Fighting       | 3 4 5 6 |  6.7
Short Blades   | 4 5 |  5.2

Action                     |  1- 3 |  4- 6 |  7- 9 || total
---------------------------+-------+-------+-------++-------
  Melee: Dagger            |    80 |       |       ||    80
         Tailslap          |     5 |     9 |    29 ||    43
         Long sword        |    17 |       |       ||    17
         Rapier            |     5 |       |       ||     5
         Quarterstaff      |     2 |    76 |    63 ||   141
         Short sword       |       |       |   127 ||   127
         Punch             |       |       |     4 ||     4
   Fire: Longbow           |    14 |       |       ||    14
  Throw: Dart              |     1 |       |    16 ||    17
         Boomerang         |       |       |     3 ||     3
Ability: Breathe Acid      |       |       |    10 ||    10
  Evoke: Wand              |       |       |     2 ||     2
    Use: Scroll            |       |     5 |     5 ||    10
         Potion            |       |       |     1 ||     1
   Stab: Sleeping          |     3 |     6 |    10 ||    19
         Paralysed         |       |       |     2 ||     2
 Armour: Skin              |    68 |    68 |   124 ||   260
  Dodge: Dodged            |    62 |    59 |   120 ||   241

Table legend: (Time is in decaauts)
 A = Elapsed time spent in this place.
 B = Non-inter-level travel time spent in this place.
 C = Inter-level travel time spent in this place.
 D = Time resting spent in this place.
 E = Time spent auto-exploring this place.
 F = Levels seen in this place.
 G = Mean time per level.
                   A        B        C        D        E       F      G
               +--------+--------+--------+--------+--------+-----+--------+
         Total |   7986 |   7696 |    290 |    887 |   5414 |   9 |  887.3 |
       Dungeon |   7004 |   6714 |    290 |    370 |   5298 |   7 | 1000.6 |
        Temple |    141 |    141 |      0 |    137 |      0 |   1 |  141.0 |
        Bailey |    841 |    841 |      0 |    380 |    116 |   1 |  841.0 |
               +--------+--------+--------+--------+--------+-----+--------+

Top non-repeatable levels by time:
     D:2: 1970 daAuts
     D:6: 1348 daAuts
     D:4: 1334 daAuts
  Bailey: 841 daAuts
     D:1: 636 daAuts
     D:7: 614 daAuts
     D:5: 598 daAuts
     D:3: 501 daAuts
  Temple: 141 daAuts
